PA
HOGSMEADE CAULDRONS @ NEBRASKA PLAINSMEN
08/09/2027
 
TOP OF THE 1ST
Hogsmeade Cauldrons batting - Pitching for Nebraska Plainsmen : RHP Eric Blauser
Pitching: RHP Eric Blauser
Batting: RHB Robinson Barquero 0-0: Ball
1-0: Ground out U3 (Groundball, 34)
Batting: LHB José Cuervo 0-0: Called Strike
0-1: Ball
1-1: Foul Ball, location: 2F
1-2: Ball
2-2: Ground out 3-1 (Groundball, 34S)
Batting: RHB Paul Penrice 0-0: Called Strike
0-1: Foul Ball, location: 2F
0-2: Ball
1-2: Strikes out looking
Top of the 1st over - 0 run(s), 0 hit(s), 0 error(s), 0 left on base; Hogsmeade 0 - Nebraska 0
BOTTOM OF THE 1ST
Nebraska Plainsmen batting - Pitching for Hogsmeade Cauldrons : RHP Bogdon Sokolov
Pitching: RHP Bogdon Sokolov
Batting: SHB Tony Gutiérrez 0-0: Ball
1-0: Ball
2-0: Called Strike
2-1: Foul Ball, location: 2F
2-2: SINGLE (Line Drive, 89M)
Batting: LHB Gilberto Moreno 0-0: Foul Ball, location: 2F
0-1: Ball
1-1: Foul Ball, location: 2F
1-2: Strikes out swinging
Batting: LHB Lance Antle 0-0: Called Strike
0-1: Ball
1-1: Fly out, F7 (Flyball, 7LS)
Batting: SHB Keyveat Postell 0-0: Ground out 4-3 (Groundball, 34)
Bottom of the 1st over - 0 run(s), 1 hit(s), 0 error(s), 1 left on base; Hogsmeade 0 - Nebraska 0
TOP OF THE 2ND
Hogsmeade Cauldrons batting - Pitching for Nebraska Plainsmen : RHP Eric Blauser
Batting: LHB Cris Gonzáles 0-0: Foul Ball, location: 2F
0-1: Ball
1-1: Called Strike
1-2: Ball
2-2: Foul Ball, location: 2F
2-2: SINGLE (Line Drive, 5L)
Batting: RHB Jason Ward 0-0: Swinging Strike
0-1: Ball
1-1: Ball
2-1: Foul Ball, location: 2F
2-2: Foul Ball, location: 2F
2-2: SINGLE (Line Drive, 7LS)
Cris Gonzáles to second
Batting: LHB Donatas Montiejunas 0-0: Called Strike
0-1: Grounds out, U3 (Groundball, 3L)
Cris Gonzáles to third
Batting: RHB Cody Skillings 0-0: SINGLE (Groundball, 6MD)
Cris Gonzáles scores
Jason Ward to third
Runner from 3rd tries for Home, SAFE, no throw
Batting: SHB Nolan Halverson 0-0: Ball
1-0: Called Strike
1-1: Ball
2-1: Ball
3-1: Base on Balls
Cody Skillings to second
Batting: RHB José Vargas 0-0: Foul Ball, location: 2F
0-1: Ball
1-1: Foul Ball, location: 2F
1-2: Ball
2-2: Strikes out swinging
Batting: RHB Robinson Barquero 0-0: Fly out, F7 (Flyball, 78S)
Top of the 2nd over - 2 run(s), 3 hit(s), 0 error(s), 2 left on base; Hogsmeade 2 - Nebraska 0
BOTTOM OF THE 2ND
Nebraska Plainsmen batting - Pitching for Hogsmeade Cauldrons : RHP Bogdon Sokolov
Batting: LHB Pedro García 0-0: Ball
1-0: Ball
2-0: Swinging Strike
2-1: Ball
3-1: Foul Ball, location: 2F
3-2: Ground out 3-1 (Groundball, 34)
Batting: RHB Harith Karim 0-0: DOUBLE (Flyball, 89M)
Batting: SHB José Ángel 0-0: Foul Ball, location: 2F
0-1: Ball
Balk!
Harith Karim to third
1-1: Swinging Strike
1-2: SINGLE (Flyball, 7S)
Harith Karim scores
Batting: SHB Bill Bambridge 0-0: Ball
1-0: SINGLE (Line Drive, 56D)
José Ángel to second
Batting: LHB Michael Cochran 0-0: Ball
1-0: Swinging Strike
1-1: Fly out, F7 (Flyball, 7S)
Batting: SHB Tony Gutiérrez 0-0: Swinging Strike
0-1: Ball
1-1: Ball
2-1: Swinging Strike
2-2: Foul Ball, location: 2F
2-2: Strikes out swinging
Bottom of the 2nd over - 1 run(s), 3 hit(s), 0 error(s), 2 left on base; Hogsmeade 2 - Nebraska 1
TOP OF THE 3RD
Hogsmeade Cauldrons batting - Pitching for Nebraska Plainsmen : RHP Eric Blauser
Batting: LHB José Cuervo 0-0: Foul Ball, location: 2F
0-1: Ball
1-1: SINGLE (Flyball, 8LS)
Batting: RHB Paul Penrice 0-0: Ball
1-0: Called Strike
José Cuervo is caught stealing 2nd base
1-1: Ball
2-1: Fly out, F7 (Flyball, 7LSF)
Batting: LHB Cris Gonzáles 0-0: Called Strike
0-1: Ball
1-1: Ball
2-1: Foul Ball, location: 2F
2-2: Fly out, F2 (Popup, 25)
Top of the 3rd over - 0 run(s), 1 hit(s), 0 error(s), 0 left on base; Hogsmeade 2 - Nebraska 1
BOTTOM OF THE 3RD
Nebraska Plainsmen batting - Pitching for Hogsmeade Cauldrons : RHP Bogdon Sokolov
Batting: LHB Gilberto Moreno 0-0: Called Strike
0-1: Called Strike
0-2: Strikes out swinging
Batting: LHB Lance Antle 0-0: Foul Ball, location: 2F
0-1: Called Strike
0-2: Ball
1-2: SINGLE (Line Drive, 8RS)
Batting: SHB Keyveat Postell 0-0: Ball
1-0: Foul Ball, location: 2F
1-1: Foul Ball, location: 2F
1-2: Strikes out swinging
Batting: LHB Pedro García 0-0: Ball
1-0: Foul Ball, location: 2F
1-1: Ball
2-1: Ball
3-1: Fly out, F9 (Line Drive, 89M)
Bottom of the 3rd over - 0 run(s), 1 hit(s), 0 error(s), 1 left on base; Hogsmeade 2 - Nebraska 1
TOP OF THE 4TH
Hogsmeade Cauldrons batting - Pitching for Nebraska Plainsmen : RHP Eric Blauser
Batting: RHB Jason Ward 0-0: Called Strike
0-1: Swinging Strike
0-2: SINGLE (Line Drive, 4MD)
Batting: LHB Donatas Montiejunas 0-0: Ball
1-0: Called Strike
1-1: Foul Ball, location: 2F
1-2: Strikes out looking
Jason Ward is caught stealing 2nd base
Batter strikes out.
Batting: RHB Cody Skillings 0-0: Ball
1-0: Ball
2-0: Called Strike
2-1: Foul Ball, location: 2F
2-2: SINGLE (Line Drive, 6M)
Batting: SHB Nolan Halverson 0-0: Called Strike
Pickoff Throw to First - Out!
Top of the 4th over - 0 run(s), 2 hit(s), 0 error(s), 0 left on base; Hogsmeade 2 - Nebraska 1
BOTTOM OF THE 4TH
Nebraska Plainsmen batting - Pitching for Hogsmeade Cauldrons : RHP Bogdon Sokolov
Batting: RHB Harith Karim 0-0: Ball
1-0: Called Strike
1-1: Called Strike
1-2: Strikes out looking
Batting: SHB José Ángel 0-0: Ball
1-0: Foul Ball, location: 2F
1-1: Foul Ball, location: 2F
1-2: Strikes out swinging
Batting: SHB Bill Bambridge 0-0: Ball
1-0: SINGLE (Groundball, 56D)
Pitching: RHP Kenny McCulley
Batting: LHB Michael Cochran 0-0: Ball
1-0: Swinging Strike
1-1: Ball
2-1: Fly out, F7 (Flyball, 78M)
Bottom of the 4th over - 0 run(s), 1 hit(s), 0 error(s), 1 left on base; Hogsmeade 2 - Nebraska 1
TOP OF THE 5TH
Hogsmeade Cauldrons batting - Pitching for Nebraska Plainsmen : RHP Eric Blauser
Batting: SHB Nolan Halverson 0-0: Ball
1-0: Called Strike
1-1: Ball
2-1: Foul Ball, location: 2F
2-2: Ground out 4-3 (Groundball, 4M)
Batting: RHB José Vargas 0-0: Called Strike
0-1: Ground out 6-3 (Groundball, 6MS)
Batting: RHB Robinson Barquero 0-0: Ball
1-0: Ball
2-0: Bunted foul
2-1: Fly out, F6 (Line Drive, 6)
Top of the 5th over - 0 run(s), 0 hit(s), 0 error(s), 0 left on base; Hogsmeade 2 - Nebraska 1
BOTTOM OF THE 5TH
Nebraska Plainsmen batting - Pitching for Hogsmeade Cauldrons : RHP Kenny McCulley
Batting: SHB Tony Gutiérrez 0-0: Called Strike
0-1: Called Strike
0-2: Ball
1-2: Fly out, F6 (Popup, 56D)
Batting: LHB Gilberto Moreno 0-0: Ball
1-0: Foul Ball, location: 2F
1-1: Ball
2-1: Foul Ball, location: 2F
2-2: Ball
3-2: Ground out U3 (Groundball, 34S)
Batting: LHB Lance Antle 0-0: Foul Ball, location: 2F
0-1: Fly out, F9 (Flyball, 89M)
Bottom of the 5th over - 0 run(s), 0 hit(s), 0 error(s), 0 left on base; Hogsmeade 2 - Nebraska 1
TOP OF THE 6TH
Hogsmeade Cauldrons batting - Pitching for Nebraska Plainsmen : RHP Eric Blauser
Batting: LHB José Cuervo 0-0: Called Strike
0-1: Swinging Strike
0-2: Fly out, F9 (Line Drive, 89M)
Batting: RHB Paul Penrice 0-0: SINGLE (Groundball, 56D)
Batting: LHB Cris Gonzáles 0-0: Ball
1-0: Swinging Strike
1-1: Called Strike
1-2: Ball
2-2: Strikes out swinging
Batting: RHB Jason Ward 0-0: SINGLE (Line Drive, 7LS)
Paul Penrice to second
Batting: LHB Donatas Montiejunas 0-0: Ball
1-0: Called Strike
1-1: DOUBLE (Line Drive, 9LM)
Paul Penrice scores
Jason Ward to third
Runner from 3rd tries for Home, SAFE, no throw
Batting: RHB Cody Skillings 0-0: Ball
1-0: Called Strike
1-1: Ball
2-1: Foul Ball, location: 2F
2-2: Ball
3-2: SINGLE (Line Drive, 7LS)
Donatas Montiejunas to third
Donatas Montiejunas scores
Batting: SHB Nolan Halverson 0-0: Called Strike
Cody Skillings steals 2nd base
0-1: Ball
Wild Pitch!
Cody Skillings to third
1-1: Swinging Strike
1-2: SINGLE (Flyball, 8RS)
Cody Skillings scores
Pitching: RHP Daniel Mack
Batting: RHB José Vargas 0-0: Called Strike
0-1: Called Strike
0-2: Strikes out swinging
Top of the 6th over - 4 run(s), 5 hit(s), 0 error(s), 1 left on base; Hogsmeade 6 - Nebraska 1
BOTTOM OF THE 6TH
Nebraska Plainsmen batting - Pitching for Hogsmeade Cauldrons : RHP Kenny McCulley
Batting: SHB Keyveat Postell 0-0: Ground out 6-3 (Groundball, 6)
Batting: LHB Pedro García 0-0: Ball
1-0: Ball
2-0: SINGLE (Groundball, 4MD)
Batting: RHB Harith Karim 0-0: Ball
1-0: Foul Ball, location: 2F
1-1: Fly out, F8 (Flyball, 8LM)
Batting: SHB José Ángel 0-0: Called Strike
Pedro García steals 2nd base
0-1: Ball
1-1: Ball
2-1: Foul Ball, location: 2F
2-2: Strikes out swinging
Bottom of the 6th over - 0 run(s), 1 hit(s), 0 error(s), 1 left on base; Hogsmeade 6 - Nebraska 1
TOP OF THE 7TH
Hogsmeade Cauldrons batting - Pitching for Nebraska Plainsmen : RHP Daniel Mack
Batting: RHB Robinson Barquero 0-0: Ball
1-0: Called Strike
1-1: Foul Ball, location: 2F
1-2: Strikes out looking
Batting: LHB José Cuervo 0-0: Called Strike
0-1: Ball
1-1: Ball
2-1: Called Strike
2-2: Ball
3-2: Ground out 4-3 (Groundball, 4)
Batting: RHB Paul Penrice 0-0: Foul Ball, location: 2F
0-1: Called Strike
0-2: Ground out 6-3 (Groundball, 56D)
Top of the 7th over - 0 run(s), 0 hit(s), 0 error(s), 0 left on base; Hogsmeade 6 - Nebraska 1
BOTTOM OF THE 7TH
Nebraska Plainsmen batting - Pitching for Hogsmeade Cauldrons : RHP Kenny McCulley
Batting: SHB Bill Bambridge 0-0: Foul Ball, location: 2F
0-1: Fly out, F8 (Flyball, 8RM)
Batting: LHB Michael Cochran 0-0: Ball
1-0: Called Strike
1-1: Called Strike
1-2: Strikes out looking
Batting: SHB Tony Gutiérrez 0-0: Ball
1-0: Called Strike
1-1: Ball
2-1: Foul Ball, location: 2F
2-2: SINGLE (Groundball, 6MD) (infield hit)
Batting: LHB Gilberto Moreno 0-0: Ball
1-0: Ball
Tony Gutiérrez steals 2nd base
2-0: Called Strike
2-1: Foul Ball, location: 2F
2-2: Foul Ball, location: 2F
2-2: Ball
3-2: Fly out, F8 (Flyball, 89S)
Bottom of the 7th over - 0 run(s), 1 hit(s), 0 error(s), 1 left on base; Hogsmeade 6 - Nebraska 1
TOP OF THE 8TH
Hogsmeade Cauldrons batting - Pitching for Nebraska Plainsmen : RHP Daniel Mack
Batting: LHB Cris Gonzáles 0-0: Foul Ball, location: 2F
0-1: Swinging Strike
0-2: Foul Ball, location: 2F
0-2: Ball
1-2: Foul Ball, location: 2F
1-2: Ball
2-2: Ball
3-2: Fly out, F8 (Flyball, 8LS)
Batting: RHB Jason Ward 0-0: Ball
1-0: Swinging Strike
1-1: Ball
2-1: Foul Ball, location: 2F
2-2: Foul Ball, location: 2F
2-2: Strikes out swinging
Batting: LHB Donatas Montiejunas 0-0: Fly out, F8 (Line Drive, 8RM)
Top of the 8th over - 0 run(s), 0 hit(s), 0 error(s), 0 left on base; Hogsmeade 6 - Nebraska 1
BOTTOM OF THE 8TH
Nebraska Plainsmen batting - Pitching for Hogsmeade Cauldrons : RHP Kenny McCulley
Batting: LHB Lance Antle 0-0: Called Strike
0-1: Ball
1-1: Ball
2-1: Ball
3-1: SINGLE (Groundball, 6D)
Batting: SHB Keyveat Postell 0-0: Ball
1-0: Ball
2-0: Ball
3-0: Base on Balls
Lance Antle to second
Batting: LHB Pedro García 0-0: Foul Ball, location: 2F
0-1: Ball
1-1: Ball
2-1: Ball
3-1: Foul Ball, location: 2F
3-2: Strikes out swinging
Batting: RHB Harith Karim 0-0: Ball
1-0: Called Strike
1-1: Swinging Strike
1-2: Foul Ball, location: 2F
1-2: Fly out, F8 (Flyball, 8RM)
Batting: SHB José Ángel 0-0: Ball
1-0: Fly out, F8 (Flyball, 8LM)
Bottom of the 8th over - 0 run(s), 1 hit(s), 0 error(s), 2 left on base; Hogsmeade 6 - Nebraska 1
TOP OF THE 9TH
Hogsmeade Cauldrons batting - Pitching for Nebraska Plainsmen : RHP Daniel Mack
Pitching: LHP Jim Unknown
Batting: RHB Cody Skillings 0-0: Called Strike
0-1: Ball
1-1: Foul Ball, location: 2F
1-2: Fly out, F7 (Flyball, 7)
Batting: SHB Nolan Halverson 0-0: Called Strike
0-1: Foul Ball, location: 2F
0-2: Ball
1-2: Ball
2-2: Foul Ball, location: 2F
2-2: Strikes out swinging
Batting: RHB José Vargas 0-0: Ball
1-0: Called Strike
1-1: Ball
2-1: Called Strike
2-2: Strikes out swinging
Top of the 9th over - 0 run(s), 0 hit(s), 0 error(s), 0 left on base; Hogsmeade 6 - Nebraska 1
BOTTOM OF THE 9TH
Nebraska Plainsmen batting - Pitching for Hogsmeade Cauldrons : RHP Kenny McCulley
Batting: SHB Bill Bambridge 0-0: Ball
1-0: Foul Ball, location: 2F
1-1: Ball
2-1: Called Strike
2-2: Strikes out swinging
Batting: LHB Michael Cochran 0-0: Called Strike
0-1: Fly out, F5 (Popup, 5S)
Batting: SHB Tony Gutiérrez 0-0: Called Strike
0-1: DOUBLE (Groundball, 3L)
Batting: LHB Gilberto Moreno 0-0: Ball
1-0: Foul Ball, location: 2F
1-1: Reached on error, E3 (Groundball, 34)
Tony Gutiérrez to third
Batting: LHB Lance Antle 0-0: Fly out, F8 (Flyball, 8RM)
Bottom of the 9th over - 0 run(s), 1 hit(s), 1 error(s), 2 left on base; Hogsmeade 6 - Nebraska 1
Saturday, May 26th, 2018 - OOTP Baseball 17.12 Build 75